 Dungeon Crawl Stone Soup version 0.30.1-1-g62c8e00024 (webtiles) character file.

Game seed: 82221595294608129

12833 monsoonserge the Markskobold (level 12, -2/68 HPs)
             Began as a Kobold Hunter on July 17, 2023.
             Was a High Priest of Hepliaklqana.
             Engulfed by a fire crab's flame (12 damage)
             ... in a Gauntlet.
             The game lasted 00:33:55 (10237 turns).

monsoonserge the Markskobold (Kobold Hunter)       Turns: 10237, Time: 00:33:56

Health: -2/68      AC: 15    Str: 12    XL:     12   Next: 25%
Magic:  14/14      EV: 15    Int: 12    God:    Hepliaklqana [*****.]
Gold:   777        SH:  0    Dex: 25    Spells: 11/11 levels left

rFire   + . .        E - +0 arbalest
rCold   . . .        (shield currently unavailable)
rNeg    . . .        x - +0 ring mail "Bovofu" {rF+ Str+4}
rPois   +            c - +1 helmet of Spite {rElec rPois Dex+3}
rElec   +            S - +1 cloak {Stlth+}
rCorr   .            (no gloves)
SInv    .            (no boots)
Will    .....        B - amulet of magic regeneration
Stlth   +++++        n - ring of flight
HPRegen 0.31/turn    N - +4 ring of protection
MPRegen 0.54/turn

%: no teleportation
@: flying
A: reduced essence, small, no large weapons, nightstalker 3
a: Renounce Religion, Recall Ancestor, Ancestor Identity, Transference, Idealise


You were in a Gauntlet.
You worshipped Hepliaklqana.
Hepliaklqana was extremely pleased with you.
You visited 2 branches of the dungeon, and saw 12 of its levels.
You also visited: Bailey and Gauntlet.

You collected 777 gold pieces.

Inventory:

Hand Weapons
 E - a +0 arbalest (weapon)
Missiles
 p - 4 boomerangs
 t - 3 throwing nets
 z - 21 poisoned darts
 H - 3 silver boomerangs
 M - 2 curare-tipped darts
 V - 4 atropa-tipped darts
Armour
 c - the +1 helmet of Spite (worn) {rElec rPois Dex+3}
   (You found it on level 3 of the Dungeon)

   Dex:       It affects your dexterity (+3).
   rElec:     It insulates you from electricity.
   rPois:     It protects you from poison.
 x - the +0 ring mail "Bovofu" (worn) {rF+ Str+4}
   (You found it on level 3 of the Dungeon)

   Str:       It affects your strength (+4).
   rF:        It protects you from fire.
 S - a +1 cloak of stealth (worn)
Jewellery
 n - a ring of flight (left hand)
 B - an amulet of magic regeneration (around neck)
 N - a +4 ring of protection (right hand)
Wands
 a - a wand of polymorph (7)
 D - a wand of iceblast (20)
 P - a wand of charming (8)
 Q - a wand of mindburst (6)
 R - a wand of acid (1)
 W - a wand of flame (9)
Scrolls
 b - 5 scrolls of immolation
 d - 8 scrolls of identify {unknown}
 g - 7 scrolls of teleportation {unknown}
 h - 3 scrolls of brand weapon {unknown}
 i - 4 scrolls of poison {unknown}
 j - 2 scrolls of enchant weapon {unknown}
 m - 4 scrolls of noise {unknown}
 s - 2 scrolls of fog {unknown}
 v - 3 scrolls of blinking {unknown}
 y - a scroll of amnesia {unknown}
 A - 4 scrolls of fear {unknown}
 C - a scroll of acquirement {unknown}
 G - 3 scrolls of vulnerability {unknown}
 J - a scroll of torment {unknown}
 K - 4 scrolls of magic mapping {unknown}
 X - a scroll of enchant armour {unknown}
Potions
 e - 3 potions of invisibility {unknown}
 k - 6 potions of curing
 l - a potion of flight {unknown}
 o - 3 potions of might {unknown}
 r - 2 potions of berserk rage {unknown}
 u - 3 potions of lignification {unknown}
 w - a potion of experience {unknown}
 F - a potion of haste {unknown}
 I - 4 potions of attraction {unknown}
 O - a potion of resistance {unknown}
 U - a potion of cancellation {unknown}
 Y - a potion of ambrosia {unknown}


   Skills:
 + Level 9.2 Fighting
 - Level 18.0 Ranged Weapons
 - Level 7.0 Armour
 + Level 3.8 Dodging
 + Level 4.3 Stealth
 * Level 3.8 Invocations
 * Level 2.4 Evocations


You had 11 spell levels left.
You didn't know any spells.
Your spell library contained the following spells:

 Spells                   Type           Power      Damage    Failure   Level
 Blink                    Tloc           0%         N/A       69%         2
 Hailstorm                Conj/Ice       0%         3d3       89%         3
 Ice Form                 Ice/Tmut       0%         N/A       100%        4
 Manifold Assault         Tloc           0%         N/A       100%        4
 Simulacrum               Ice/Necr       0%         N/A       100%        6
 Storm Form               Tmut/Air       0%         N/A       100%        7


Dungeon Overview and Level Annotations

Branches:
Dungeon (11/15)            Temple (1/1) D:6             Orc (0/2) D:9
 Bailey (visited)         Gauntlet (1/1)
   Lair: D:8-11

Altars:
Ashenzari
Cheibriados
Dithmenos
Elyvilon
Fedhas
Gozag
Hepliaklqana
Kikubaaqudgha
Makhleb
Nemelex Xobeh
Okawaru
Qazlal
Ru
Sif Muna
Trog
Uskayaw
Vehumet
Wu Jian
Xom
Yredelemnul
Zin
The Shining One

Annotations:
D:11 2 transporters Gauntlet 9 transporters, 3 runed translucent doors


Innate Abilities, Weirdness & Mutations

Your life essence is reduced to manifest your ancestor. (-10% HP)
You are small and have problems with some larger weapons.
You are completely attuned to the shadows.


Message History

The fire crab is severely wounded.
You are engulfed in blazing flames.
You resist.
Amenemopet blocks the fire bat's attack.
The fire bat bites Amenemopet but does no damage.
The fire crab barely misses you. The fire crab claws you.
You are engulfed in flames.
You resist.
Amenemopet hits the fire bat with a +0 flail!
Fire: E) +0 arbalest
Press: ? - help, Q - select action, (/) - cycle Shift-Dir - straight line, f/p - fire crab
Aim: a fire crab (flame, severely wounded, 82% to hit)
You shoot a bolt.
The bolt hits the fire crab but does no damage.
The fire crab is severely wounded.
You are engulfed in blazing flames.
You resist.
* * * LOW HITPOINT WARNING * * *
The fire bat bites Amenemopet.
Amenemopet is engulfed in flames.
Amenemopet resists.
The fire crab closely misses you. The fire crab completely misses you.
The fire crab breathes flames at you. The blast of flame misses you.
Fire: E) +0 arbalest
Press: ? - help, Q - select action, (/) - cycle Shift-Dir - straight line, f/p - fire crab
Aim: a fire crab (severely wounded, 82% to hit)
You shoot a bolt. The bolt hits the fire crab.
The fire crab is severely wounded.
You are engulfed in blazing flames.
You resist.
* * * LOW HITPOINT WARNING * * *
The fire bat bites Amenemopet.
Amenemopet is engulfed in flames.
Amenemopet resists.
The fire bat bites Amenemopet but does no damage.
Amenemopet barely misses the fire bat.
The fire crab breathes flames at you. The blast of flame engulfs you.
You resist.
* * * LOW HITPOINT WARNING * * *
Press: ? - help, v - describe, . - travel
Here: Amenemopet the knight, wielding a +0 flail and wearing a +0 kite shield (flame, moderately damaged, friendly)
The floor.
It was a potion of curing.
You feel better.
You are engulfed in blazing flames.
You resist.
You die...

.♣.#z##### .#.##.#.
...#.z...zz#..... .....#..#©...#.
≈..############## ##############.
≈≈....#©......... .........©#....
###...#######################...#
#≈.........#..!©.).#.........≈#
#≈≈..♣...♣.#.......#.♣.PP♣..≈≈#
####.....P.#°#####.#.P.P...####
#≈..♣.P.#°t@°°R.#.P.♣..≈#
#≈≈..PP.#°#####°#.PP..≈≈#
#..♣.#.......#.♣..####
#≈...#.......#...≈#
#≈≈..#########..≈≈#
####.....©.....#### #≈..∩...∩..≈#
#≈≈...♣...≈≈# ####≈≈≈≈≈####


You could see the friendly Amenemopet the knight and a fire crab (ally target).

Vanquished Creatures
  3 two-headed ogres
  2 orc knights (Bailey)
  Maurice (D:9)
  A kobold demonologist (D:10)
  A meliai (shapeshifter) (D:9)
  A hornet (D:10)
  2 shadows
  A fire bat (Gauntlet)
  A wraith (D:9)
  Eustachio (D:4)
  15 yaks
  A wyvern (D:8)
  Menkaure (D:6)
  Duvessa (D:7)
  A water moccasin (D:8)
  6 orc warriors
  An ice beast (D:7)
  2 ogres
  4 centaurs
  3 kobold brigands
  5 bullfrogs
  5 scorpions
  8 wights
  Dowan (D:7)
  2 howler monkeys
  2 jellies (D:4)
  A gnoll bouda (D:7)
  5 hounds
  Crazy Yiuf (D:2)
  4 orc priests
  Jessica (D:2)
  2 iguanas (D:5)
  6 orc wizards
  4 gnolls
  6 adders
  2 shadow imps
  2 white imps
  An ufetubus (D:6)
  A worm (D:2)
  6 dart slugs
  33 orcs
  10 ball pythons
  11 endoplasms
  5 giant cockroaches
  11 goblins
  11 hobgoblins
  A jackal (D:3)
  4 quokkas
  7 bats
  6 frilled lizards
  9 kobolds
  5 rats
227 creatures vanquished.

Vanquished Creatures (collateral kills)
  An unseen horror (D:7)
  A troll (D:10)
  Prince Ribbit (D:7)
  A vampire (D:9)
  4 yaks
  An orc warrior (Bailey)
  3 sky beasts
  An ogre (D:6)
  A phantom (D:7)
  A kobold brigand (D:8)
  3 bullfrogs
  2 scorpions
  A howler monkey (D:8)
  A lava snake (D:7)
  A jelly (D:4)
  A sleepcap (D:5)
  2 orc wizards
  A gnoll (D:3)
  A worm (D:5)
  10 orcs
  2 hobgoblins
  A jackal (D:3)
  A ball python (D:4)
  7 kobolds
  A rat (D:3)
50 creatures vanquished.

Vanquished Creatures (others)
  4 knights
4 creatures vanquished.

Grand Total: 281 creatures vanquished

Notes
Turn   | Place    | Note
-------+----------+-------------------------------------------
     0 | D:1      | monsoonserge the Kobold Hunter began the quest for the Orb.
     0 | D:1      | Reached XP level 1. HP: 12/12 MP: 1/1
    85 | D:1      | Reached XP level 2. HP: 17/17 MP: 2/2
   117 | D:1      | Reached skill level 6 in Ranged Weapons
   230 | D:1      | Reached XP level 3. HP: 20/21 MP: 3/3
   758 | D:2      | Found a hazy altar of Hepliaklqana.
   763 | D:2      | Became a worshipper of Hepliaklqana the Forgotten
   800 | D:2      | Reached XP level 4. HP: 27/27 MP: 4/4
   817 | D:2      | You fall into a shaft and drop 2 floors!
   837 | D:3      | Reached skill level 7 in Ranged Weapons
  1018 | D:2      | Noticed Jessica
  1020 | D:2      | Killed Jessica
  1021 | D:2      | Reached XP level 5. HP: 31/31 MP: 5/5
  1210 | D:2      | Found a runed translucent door.
  1213 | D:2      | Noticed Crazy Yiuf
  1659 | D:2      | Reached * piety under Hepliaklqana
  1904 | D:2      | Killed Crazy Yiuf
  2008 | D:3      | Reached skill level 8 in Ranged Weapons
  2070 | D:3      | Noticed a bullfrog
  2074 | D:3      | Killed a bullfrog
  2075 | D:3      | Reached XP level 6. HP: 33/33 MP: 6/6
  2093 | D:3      | Identified the +0 ring mail "Bovofu" {rF+ Str+4}
  2151 | D:3      | Identified the +1 helmet of Spite {rElec rPois Dex+3}
  2319 | D:3      | Reached skill level 1 in Armour
  2638 | D:4      | Reached skill level 9 in Ranged Weapons
  2699 | D:4      | Reached XP level 7. HP: 36/36 MP: 7/7
  2839 | D:4      | Noticed Eustachio
  2855 | D:4      | Killed Eustachio
  2856 | D:4      | Reached skill level 10 in Ranged Weapons
  2954 | D:4      | Reached XP level 8. HP: 43/43 MP: 8/8
  3171 | D:5      | Entered Level 5 of the Dungeon
  3632 | D:5      | Reached skill level 5 in Fighting
  3632 | D:5      | Reached skill level 11 in Ranged Weapons
  3716 | D:5      | Reached ** piety under Hepliaklqana
  3717 | D:5      | Remembered your ancestor Amenemopet as a knight
  4467 | D:6      | Reached skill level 12 in Ranged Weapons
  4472 | D:6      | Reached XP level 9. HP: 14/48 MP: 9/9
  4500 | D:6      | Found a hide-covered altar of Uskayaw.
  4648 | D:6      | Noticed Menkaure
  4651 | D:6      | Killed Menkaure
  4788 | D:6      | Found a sparkling altar of Nemelex Xobeh.
  5061 | D:6      | Found a staircase to the Ecumenical Temple.
  5067 | Temple   | Entered the Ecumenical Temple
  5604 | D:6      | Reached skill level 13 in Ranged Weapons
  5711 | D:7      | Noticed Dowan
  5722 | D:7      | Killed Dowan
  5734 | D:7      | Noticed Duvessa
  5742 | D:7      | Killed Duvessa
  5955 | D:7      | Noticed Prince Ribbit
  5960 | D:7      | Killed Prince Ribbit
  5961 | D:7      | Reached XP level 10. HP: 51/54 MP: 10/10
  6144 | D:7      | Reached skill level 14 in Ranged Weapons
  6224 | D:7      | Killed an unseen horror
  6320 | D:7      | Reached skill level 5 in Armour
  6714 | D:8      | Reached *** piety under Hepliaklqana
  6861 | D:8      | Noticed a two-headed ogre
  6867 | D:8      | Killed a two-headed ogre
  6868 | D:8      | Reached skill level 15 in Ranged Weapons
  6868 | D:8      | Reached skill level 1 in Invocations
  7024 | D:8      | Noticed Maurice
  7492 | D:9      | Found a staircase to the Orcish Mines.
  7500 | D:9      | Reached XP level 11. HP: 60/60 MP: 12/12
  7750 | D:9      | Killed Maurice
  7751 | D:9      | Reached skill level 16 in Ranged Weapons
  7850 | D:9      | Reached **** piety under Hepliaklqana
  8413 | D:10     | Entered Level 10 of the Dungeon
  8469 | D:10     | Reached skill level 17 in Ranged Weapons
  8537 | D:10     | Found a flagged portal.
  8544 | Bailey   | Entered a bailey
  8609 | Bailey   | Noticed an orc knight
  8621 | Bailey   | Killed an orc knight
  8622 | Bailey   | Noticed an orc knight
  8628 | Bailey   | Killed an orc knight
  8632 | Bailey   | Identified the +0 quarterstaff "Paexicez" {holy, rC+ Str+3
                  | Int-5 Dex+2}
  8832 | Bailey   | Identified the +2 cloak "Beug" {+Inv rElec Dex-5}
  8982 | D:10     | Reached XP level 12. HP: 67/67 MP: 14/14
  9281 | D:10     | Reached ***** piety under Hepliaklqana
  9802 | D:11     | Found a transporter.
  9825 | D:11     | Found a transporter.
  9905 | D:11     | Reached skill level 1 in Evocations
  9907 | D:11     | Noticed a two-headed ogre
  9908 | D:11     | Noticed a two-headed ogre
  9942 | D:10     | Killed a two-headed ogre
  9943 | D:10     | Reached skill level 18 in Ranged Weapons
  9990 | D:11     | Killed a two-headed ogre
 10006 | D:11     | Found a gate leading to a gauntlet.
 10016 | Gauntlet | Entered a Gauntlet
 10016 | Gauntlet | Found a transporter.
 10025 | Gauntlet | Noticed a fire crab
 10027 | Gauntlet | Found a transporter.
 10037 | Gauntlet | Found a runed translucent gate.
 10041 | Gauntlet | Found a transporter.
 10057 | Gauntlet | Found a transporter.
 10066 | Gauntlet | Noticed a wretched star
 10079 | Gauntlet | Found a transporter.
 10099 | Gauntlet | Found a transporter.
 10112 | Gauntlet | Noticed a glowing orange brain
 10122 | Gauntlet | Found a transporter.
 10140 | Gauntlet | Found a transporter.
 10144 | Gauntlet | Found a runed translucent door.
 10154 | Gauntlet | Found a transporter.
 10156 | Gauntlet | Found a runed translucent door.
 10224 | Gauntlet | Found a transporter.
 10236 | Gauntlet | HP: 2/68 [fire crab] (10)]
 10237 | Gauntlet | Engulfed by a fire crab's flame

Illustrated notes

Levels and vault maps discovered:
D:1:      scummos_arrival_simple_fountains, layout_basic, minmay_cupped
D:2:      layout_basic, basic_altar, minmay_fractal_squares_gapless_5,
          uniq_jessica, uniq_crazy_yiuf_cottage
D:3:      layout_rooms
D:4:      layout_rooms, uniq_eustachio
D:5:      layout_layer_cave
D:6:      layout_loops_cross, nemelex_spade_bored_becter,
          mainiacjoe_overflow_alcove_2, minmay_temple_entry_hall, uniq_menkaure
D:7:      layout_loops_ring, kennysheep_potato, uniq_duvessa,
          uniq_prince_ribbit1
D:8:      layout_basic, minmay_holes, uniq_maurice
D:9:      layout_roguey, minmay_orc_entry_temple_small
D:10:     layout_irregular_city, enter_bailey_5, billiards_dpeg
D:11:     layout_rooms, erik_lair_dragon, nzn_ghost_randoct,
          gauntlet_entry_generic, minmay_misc_feat_doors
Temple:   mainiacjoe_temple_big_plus
Gauntlet: minmay_gauntlet_77_tree [minmay_gauntlet_arena_77_chump_sandwich,
          minmay_gauntlet_arena_77_run_for_it,
          minmay_gauntlet_arena_77_shame_cube, minmay_gauntlet_arena_77_museum,
          minmay_gauntlet_arena_77_mess, minmay_gauntlet_arena_77_block_sizes,
          minmay_gauntlet_arena_77_terracotta_army, gauntlet_exit_green]

Skill      XL: |  1  2  3  4  5  6  7  8  9 10 11 12 |
---------------+-------------------------------------+-----
Ranged Weapons | 6 7 8 9 10 12 13 15 17 18 | 18.0
Stealth        | 2 3 4 |  4.3
Fighting       | 3 4 5 6 7 8 9 |  9.2
Armour         | 1 2 4 6 7 |  7.0
Dodging        | 3 |  3.8
Invocations    | 2 3 |  3.8
Evocations     | 2 |  2.4

Action                     |  1- 3 |  4- 6 |  7- 9 | 10-12 || total
---------------------------+-------+-------+-------+-------++-------
  Melee: Shortbow          |       |       |     1 |       ||     1
   Fire: Shortbow          |    75 |   104 |   109 |       ||   288
         Arbalest          |       |       |    62 |   290 ||   352
 Invoke: Recall Ancestor   |       |       |     1 |     1 ||     2
         Ancestor Life: Kn |       |       |     1 |       ||     1
    Use: Potion            |       |       |       |     1 ||     1
 Armour: Leather armour    |     8 |     3 |       |       ||    11
         Ring mail         |       |     7 |    20 |    23 ||    50
  Dodge: Dodged            |    21 |    19 |    49 |    59 ||   148
